 Dungeon Crawl Stone Soup version 0.31-a0-1101-g9ad1905e61 (webtiles) character file.

Game seed: 11776248835314074026

97 Dirtsage the Changeling (level 4, -3/29 HPs)
             Began as an Octopode Shapeshifter on Dec 1, 2023.
             Killed by divine providence
             ... invoked by an orc priest
              (11 damage)
             ... on level 2 of the Dungeon.
             The game lasted 00:03:16 (1127 turns).

Dirtsage the Changeling (Octopode Shapeshifter)     Turns: 1127, Time: 00:03:17

Health: -3/29      AC:  1    Str: 13    XL:     4   Next: 68%
Magic:  4/4        EV: 13    Int: 12    God:
Gold:   82         SH:  0    Dex: 13    Spells: 3/3 levels left

rFire   . .          .
                       - Unarmed
rCold   . . .        (no shield)
rNeg    . . .        (helmet currently unavailable)
rPois   +            (no amulet)
rElec   .            P - ring of poison resistance
rCorr   .            (no ring)
SInv    .            (no ring)
Will    .....        (no ring)
Stlth   ++           (no ring)
HPRegen 0.24/turn    (no ring)
MPRegen 0.09/turn    (no ring)
                     (no ring)

%: no passive effects
@: beast-form
A: beast (slay +2), almost no armour, amphibious, 8 rings, camouflage 1,
gelatinous body 1, (nimble swimmer 1), tentacles
a: Begin Untransformation


You were on level 2 of the Dungeon.
You were a hulking beast.
You visited 1 branch of the dungeon, and saw 2 of its levels.

You collected 82 gold pieces.

Inventory:

Armour
 g - a +2 tower shield
Jewellery
 P - a ring of poison resistance (left tentacle)
Talismans
 b - a beast talisman
 c - a flux talisman
Wands
 a - a wand of flame (23)
Scrolls
 e - 4 scrolls of teleportation {unknown}
 i - a scroll of acquirement {unknown}
 j - a scroll of poison {unknown}
Potions
 d - a potion of enlightenment {unknown}
 f - 3 potions of curing {unknown}
 h - a potion of mutation {unknown}


   Skills:
 + Level 2.2 Fighting
 - Level 2.0 Dodging
 + Level 3.6 Unarmed Combat
 * Level 4.1 Shapeshifting


You had 3 spell levels left.
You didn't know any spells.
Your spell library contained the following spells:

 Spells                   Type           Power      Damage    Failure   Level
 Summon Small Mammal      Summ           0%         N/A       32%         1
 Call Canine Familiar     Summ           0%         N/A       69%         3
 Summon Guardian Golem    Hex/Summ       0%         N/A       69%         3


Dungeon Overview and Level Annotations

Branches:
Dungeon (2/15)

Altars:
Ru

Shops:
D:2 [


Innate Abilities, Weirdness & Mutations

You are a hulking beast.
Your limbs bulge with bestial killing power. (Slay +2)
You cannot wear most types of armour.
You are amphibious.
You can wear up to eight rings at the same time.
Your skin changes colour to match your surroundings (Stealth+).
Your rubbery body absorbs attacks. (AC +1, EV +1)
((You are camouflaged when in or above water. (Stealth+)))
You have tentacles for arms and can constrict up to eight enemies at once.


Message History

The kobold barely misses you.
You bludgeon the kobold!
You kill the kobold!
No target in view!
Welcome back, Dirtsage the Octopode Shapeshifter.
Press ? for a list of commands and other information.
You open the door.
There is an open door here.
You open the door.
An orc and an orc wizard come into view.
The orc shouts!
The orc wizard shouts!
Found Suehips's Antique Armour Shop.
An orc wizard and an orc priest come into view.
The orc priest shouts!
The orc closely misses you.
There is an open door here.
You swing at nothing.
You barely miss the orc wizard. Your grab misses the orc wizard.
The orc wizard hits you but does no damage.
The orc hits you from afar with a +0 trident!
You take 8 damage, and have 21/29 hp.
MASSIVE DAMAGE!!
You tentacle-slap the orc wizard. You grab the orc wizard.
The orc wizard is heavily wounded.
You constrict the orc wizard.
The orc wizard hits you with a +0 dagger.
The orc hits you from afar with a +0 trident.
You take 4 damage, and have 17/29 hp.
You bludgeon the orc wizard!
You kill the orc wizard!
Your Shapeshifting skill increases to level 4!
You swing at nothing.
The orc hits you from afar with a +0 trident.
You take 5 damage, and have 13/29 hp.
You swing at nothing.
The orc misses you.
The orc wizard gestures at you while chanting.
The magic dart hits you!
* * * LOW HITPOINT WARNING * * *
The orc priest mumbles some strange prayers to Beogh against you.
Beogh smites you!
You die...

### #.# #############.#
#.....o.o.....#
#.###########h# #.# #.# #)#
#########'####
'#o###............#
...∩................###
.o......................
........................
..............(..........
####'###..†..............##
#####


You could see an orc priest and an orc wizard.

Vanquished Creatures
  Terence (D:2)
  An orc wizard (D:2)
  2 worms (D:2)
  2 dart slugs
  2 ball pythons
  2 endoplasms
  2 giant cockroaches (D:1)
  A goblin (D:1)
  3 hobgoblins
  8 jackals (D:1)
  3 bats
  6 frilled lizards
  A kobold (D:2)
  3 rats
37 creatures vanquished.

Notes
Turn   | Place    | Note
-------+----------+-------------------------------------------
     0 | D:1      | Dirtsage the Octopode Shapeshifter began the quest for the
                  | Orb.
     0 | D:1      | Reached XP level 1. HP: 13/13 MP: 1/1
    43 | D:1      | Found a faded altar of an unknown god.
   153 | D:1      | Reached XP level 2. HP: 18/18 MP: 2/2
   460 | D:1      | Reached XP level 3. HP: 20/23 MP: 3/3
   754 | D:2      | Found a sacrificial altar of Ru.
   818 | D:2      | Noticed Terence
   828 | D:2      | Killed Terence
   829 | D:2      | Reached XP level 4. HP: 14/29 MP: 4/4
  1105 | D:2      | Found Suehips's Antique Armour Shop.
  1113 | D:2      | Reached skill level 4 in Shapeshifting
  1127 | D:2      | Killed from afar by an orc priest

Illustrated notes

Levels and vault maps discovered:
D:1:      minmay_arrival_three_doors, layout_loops_cross,
          nicolae_ecumenical_lake_church
D:2:      layout_basic, basic_altar, serial_shops, shop, uniq_natasha,
          uniq_terence, uniq_crazy_yiuf_cottage

Skill      XL: |  1  2  3  4 |
---------------+-------------+-----
Fighting       | 2 |  2.2
Shapeshifting  | 4 |  4.1
Dodging        | |  2.0
Unarmed Combat | |  3.6

Action                     |  1- 3 |  4- 6 || total
---------------------------+-------+-------++-------
  Melee: Unarmed           |    63 |    14 ||    77
         Constrict         |    15 |     4 ||    19
         Tentacles         |    13 |     3 ||    16
         Punch             |     1 |       ||     1
    Use: Potion            |     1 |       ||     1
   Stab: Sleeping          |     5 |     1 ||     6
 Armour: Skin              |    28 |     8 ||    36
  Dodge: Dodged            |    31 |    10 ||    41
  Block: Tower shield      |    13 |       ||    13

Table legend: (Time is in decaauts)
 A = Elapsed time spent in this place.
 B = Non-inter-level travel time spent in this place.
 C = Inter-level travel time spent in this place.
 D = Time resting spent in this place.
 E = Time spent auto-exploring this place.
 F = Levels seen in this place.
 G = Mean time per level.
                   A        B        C        D        E       F      G
               +--------+--------+--------+--------+--------+-----+--------+
         Total |   1127 |   1122 |      5 |    123 |    766 |   2 |  563.5 |
       Dungeon |   1127 |   1122 |      5 |    123 |    766 |   2 |  563.5 |
               +--------+--------+--------+--------+--------+-----+--------+

Top non-repeatable levels by time:
     D:1: 717 daAuts
     D:2: 410 daAuts
